 Dungeon Crawl Stone Soup version 0.31-a0-188-g5e087ee2ca (webtiles) character file.

Game seed: 10770915740084437824

101 qw the Shooter (level 4, -1/25 HPs)
             Began as a Deep Elf Hunter on June 23, 2023.
             Slain by Terence
             ... wielding a +0 flail
              (6 damage)
             ... on level 2 of the Dungeon.
             The game lasted 00:00:44 (1728 turns).

qw the Shooter (Deep Elf Hunter)                    Turns: 1728, Time: 00:00:45

Health: -1/25      AC:  3    Str: 10    XL:     4   Next: 48%
Magic:  6/6        EV: 12    Int: 14    God:
Gold:   95         SH:  0    Dex: 18    Spells: 3/3 levels left

rFire   . . .        Y - +0 shortbow (freeze)
rCold   . . .        (shield currently unavailable)
rNeg    . . .        c - +0 leather armour
rPois   .            (no helmet)
rElec   .            (no cloak)
rCorr   .            (no gloves)
SInv    .            (no boots)
Will    .....        (no amulet)
Stlth   ++           (no ring)
HPRegen 0.24/turn    (no ring)
MPRegen 0.10/turn

%: no passive effects
@: no status effects
A: no striking features
a: no special abilities


You were on level 2 of the Dungeon.
You visited 1 branch of the dungeon, and saw 2 of its levels.

You collected 95 gold pieces.


   Skills:
 - Level 1.5 Fighting
 + Level 7.9 Ranged Weapons
 - Level 2.4 Dodging
 - Level 1.2 Stealth


You had 3 spell levels left.
You didn't know any spells.
Your spell library was empty.

Inventory:

Hand Weapons
 Y - a +0 shortbow of freezing (weapon)
Armour
 b - a +2 leather armour of fire resistance
 c - a +0 leather armour (worn)
Scrolls
 e - 3 scrolls of identify
Potions
 a - 2 potions of berserk rage {unknown}
 d - a potion of curing {unknown}
 f - a potion of mutation {unknown}

Dungeon Overview and Level Annotations

Branches:
Dungeon (2/15)

Altars:

Annotations:
D:2 1 runed translucent door, Crazy Yiuf, Terence


Message History

The goblin shouts!
You hear a shout!
Enter note:
Enter note:
Enter note:
Enter note:
Enter note:
Enter note: You shoot an arrow.
The arrow hits the goblin!
The arrow freezes the goblin.
You kill the goblin!
Terence the Incautious comes into view.
He is wielding a +0 flail.
You shoot an arrow.
Terence shouts!
The arrow hits Terence.
The arrow freezes Terence.
Terence is lightly wounded.
You shoot an arrow. The arrow hits Terence.
The arrow freezes Terence.
Terence is heavily wounded.
Terence shouts, "Get ready for death!"
Terence misses you.
You shoot an arrow. The arrow barely misses Terence.
Terence hits you with a +0 flail.
You shoot an arrow. The arrow hits Terence.
The arrow freezes Terence.
Terence is severely wounded.
Terence closely misses you.
You shoot an arrow. The arrow completely misses Terence.
Terence closely misses you.
You shoot an arrow. The arrow closely misses Terence.
Terence hits you with a +0 flail.
You shoot an arrow.
The arrow hits Terence but does no damage.
Terence is severely wounded.
Terence hits you with a +0 flail!
You shoot an arrow.
The arrow hits Terence but does no damage.
Terence is severely wounded.
Terence misses you. Terence hits you with a +0 flail.
You shoot an arrow.
The arrow hits Terence but does no damage.
Terence is severely wounded.
Terence hits you with a +0 flail.
You die...

### #.. #.#
####.####
#..@....#
#@##.##.#
##.......#
#.....####
#.###.#
#.###.#
#.....#
#######.#.#.#
#.......#.#.##
#............#


You could see Terence.

Vanquished Creatures
  3 adders (D:2)
  A worm (D:2)
  4 dart slugs
  4 ball pythons
  10 bats
  4 endoplasms
  3 giant cockroaches
  8 goblins
  3 hobgoblins
  3 kobolds (D:1)
  5 quokkas
  4 frilled lizards
  11 rats
63 creatures vanquished.

Notes
Turn   | Place    | Note
-------+----------+-------------------------------------------
     0 | D:1      | qw the Deep Elf Hunter began the quest for the Orb.
     0 | D:1      | Reached XP level 1. HP: 12/12 MP: 3/3
     0 | D:1      | 0 ||| qw: Version: 0.3-a-9-g12657ce
     0 | D:1      | 0 ||| qw: Game counter: 3963
     0 | D:1      | 0 ||| qw: Always use a shield: true
     0 | D:1      | 0 ||| qw: God list: Okawaru
     0 | D:1      | 0 ||| qw: Allow faded altars: false
     0 | D:1      | 0 ||| qw: Do Orc after D:15 true
     0 | D:1      | 0 ||| qw: Do second Lair branch before Depths: true
     0 | D:1      | 0 ||| qw: Lair rune preference: random
     0 | D:1      | 0 ||| qw: Plans: Normal
     0 | D:1      | 0 ||| PLANNING D:1-11
   208 | D:1      | Reached XP level 2. HP: 16/16 MP: 4/4
   214 | D:1      | Reached skill level 6 in Ranged Weapons
   458 | D:1      | Reached XP level 3. HP: 20/20 MP: 5/5
   768 | D:1      | Found a faded altar of an unknown god.
  1038 | D:1      | 1038 ||| READING scroll labelled ROOSIY MATWIGO.
  1039 | D:1      | 1039 ||| READING 5 scrolls labelled OPROB CIJAE.
  1040 | D:1      | 1040 ||| READING scroll labelled MAKYEZ SIAGGY.
  1045 | D:1      | 1045 ||| READING scroll labelled IMOKHL NATHREPIDYIPN.
  1046 | D:1      | 1046 ||| READING 4 scrolls of identify.
  1046 | D:1      | 1046 ||| IDENTIFYING fuming coppery potion
  1047 | D:1      | 1047 ||| DROPPING scroll of butterflies.
  1048 | D:1      | 1048 ||| DROPPING potion of degeneration.
  1087 | D:2      | Reached skill level 7 in Ranged Weapons
  1186 | D:2      | Reached XP level 4. HP: 25/25 MP: 6/6
  1278 | D:2      | Found a runed translucent door.
  1279 | D:2      | Noticed Crazy Yiuf
  1719 | D:2      | Noticed Terence
  1727 | D:2      | HP: 5/25 [Terence/+0 flail (4)]
  1728 | D:2      | Slain by Terence

Levels and vault maps discovered:
D:1:      psy_arrival_radial01, layout_basic,
          shapermc_ecumenical_altar_hornbeckon
D:2:      layout_loops_cross, uniq_terence, uniq_crazy_yiuf_cottage

Skill      XL: |  1  2  3 |
---------------+----------+-----
Ranged Weapons | 6 7 |  7.9
Fighting       | |  1.5
Dodging        | |  2.4
Stealth        | |  1.2

Action                     |  1- 3 |  4- 6 || total
---------------------------+-------+-------++-------
   Fire: Shortbow          |   126 |    62 ||   188
    Use: Scroll            |     5 |       ||     5
 Armour: Leather armour    |    25 |     3 ||    28
  Dodge: Dodged            |    39 |    15 ||    54

Table legend:
 A = Non-vault XP
 B = Vault XP
 C = Vault XP percentage of total XP
 D = Non-vault monster count
 E = Vault monster count
 F = Vault count percentage of total count
                 A         B        C        D         E       F
            +---------+---------+-------+---------+---------+-------
      Total |     145 |       0 |   0.0 |      63 |       0 |   0.0
            +---------+---------+-------+---------+---------+-------
        D:1 |      57 |       0 |   0.0 |      35 |       0 |   0.0
        D:2 |      88 |       0 |   0.0 |      28 |       0 |   0.0
            +---------+---------+-------+---------+---------+-------
